 Dungeon Crawl Stone Soup version 0.17-a0-1837-g7c6a762 (webtiles) character file.

201401 Herrn the Severer (level 18, -9/170 HPs)
             Began as a Naga Fighter on Sept 14, 2015.
             Was the Champion of Okawaru.
             Blown up by an orb spider (41 damage)
             ... with an orb of destruction
             ... on level 3 of the Spider Nest on Sept 15, 2015.
             The game lasted 02:32:06 (39444 turns).

Herrn the Severer (Naga Fighter)                   Turns: 39444, Time: 02:32:06

Health: -9/170     AC: 22    Str: 19    XL:     18   Next: 99%
Magic:  27/27      EV:  8    Int: 12    God:    Okawaru [******]
Gold:   3152       SH:  0    Dex: 25    Spells: 2 memorised, 16 levels left

rFire  . . .     SeeInvis +     d - +9 war axe of the Genius {venom, rN+ Dex+4}
rCold  . . .     Clarity  .     v - +1 leather armour of Ashenzari's Whim {rElec rC- MR+}
rNeg   + + .     SustAt   +     c - +0 shield
rPois  +         Gourm    .     Y - +1 hat {Int+3}
rElec  +         Spirit   .     X - +2 cloak
rCorr  .         Warding  +     R - +0 pair of gloves {Dex+3}
rMut   .         Stasis   .     J - +1 naga barding {rC+}
MR     ++++.                    h - amulet of warding
Stlth  ++........               L - ring of protection from magic
                                u - ring of sustain attributes

@: very slightly contaminated, held, invisible, very slow, incredibly resistant
to hostile enchantments, unstealthy
A: horns 1, see invisible, deformed body, mutation resistance 1, poison
resistance, slowness 2, slow metabolism 1, spit poison 2, constrict 1, AC +6
a: Spit Poison, Heroism, Finesse, Renounce Religion


You were on level 3 of the Spider Nest.
You worshipped Okawaru.
Okawaru was exalted by your worship.
You were near starving.

You visited 5 branches of the dungeon, and saw 32 of its levels.
You also visited: Labyrinth, Sewer, Ice Cave and Volcano.

You collected 3367 gold pieces.
You spent 191 gold pieces at shops.

Inventory:

Hand weapons
 a - the +9 broad axe "Cir Xiu" {speed, rC+++ Int+3 Dex+4}
   (Okawaru gifted it to you on level 1 of the Lair of Beasts)

   Attacks with this weapon are significantly faster.
   It affects your intelligence (+3).
   It affects your dexterity (+4).
   It renders you almost immune to cold.
 d - the +9 war axe of the Genius (weapon) {venom, rN+ Dex+4}
   (Okawaru gifted it to you on level 4 of the Orcish Mines)

   It poisons the flesh of those it strikes.
   It affects your dexterity (+4).
   It protects you from negative energy.
 m - a +3 hand axe of flaming
 D - a +9 broad axe of chopping
 K - a +1 broad axe of electrocution
Armour
 c - a +0 shield (worn)
 v - the +1 leather armour of Ashenzari's Whim (worn) {rElec rC- MR+}
   (You found it on level 5 of the Lair of Beasts)

   It makes you vulnerable to cold.
   It insulates you from electricity.
   It affects your resistance to hostile enchantments.
 y - a +2 ring mail of fire resistance
 I - a +1 plate armour of cold resistance
 J - a +1 naga barding of cold resistance (worn)
 R - a +0 pair of gloves of dexterity (worn)
 X - a +2 cloak (worn)
 Y - a +1 hat of intelligence (worn)
Jewellery
 h - an amulet of warding (around neck)
 u - a ring of sustain attributes (left hand)
 C - an uncursed amulet of clarity
 L - a ring of protection from magic (right hand)
 U - an uncursed ring of protection from cold
Magical devices
 f - a wand of disintegration (6)
 n - a wand of heal wounds (0)
 r - a wand of digging (4)
 G - a wand of heal wounds (0)
Scrolls
 p - 2 scrolls of blinking
 t - 9 scrolls of teleportation
 w - 3 scrolls of amnesia
 A - 8 scrolls of remove curse
 F - 2 scrolls of magic mapping
 H - 3 scrolls of enchant weapon
 P - a scroll of identify
 Q - 4 scrolls of enchant armour
 T - a scroll of brand weapon
 V - 4 scrolls of recharging
 Z - 3 scrolls of summoning
Potions
 e - a potion of flight
 g - a potion of brilliance
 i - a potion of berserk rage
 k - a potion of invisibility
 l - 3 potions of cure mutation
 o - 2 potions of magic
 s - 4 potions of might
 z - 8 potions of curing
 E - 3 potions of haste
 N - a potion of lignification
 O - a potion of resistance
 S - 3 potions of heal wounds
 W - 4 potions of agility
Books
 b - a book of Clouds

   Spells                             Type                      Level
   a - Mephitic Cloud                 Conjuration/Poison/Air       3
   b - Conjure Flame                  Conjuration/Fire             3
   c - Poisonous Cloud                Conjuration/Poison/Air       6
   d - Freezing Cloud                 Conjuration/Ice/Air          6
   e - Ring of Flames                 Charms/Fire                  7
 q - a book of the Tempests

   Spells                             Type                      Level
   a - Static Discharge               Conjuration/Air              3
   b - Lightning Bolt                 Conjuration/Air              5
   c - Fireball                       Conjuration/Fire             5
   d - Tornado                        Air                          9
   e - Shatter                        Earth                        9
 B - an Akashic Record

   Spells                             Type                      Level
   a - Dispersal                      Translocation                6
   b - Controlled Blink               Translocation                7
   c - Malign Gateway                 Summoning/Translocation      7
   d - Disjunction                    Translocation                8
 M - a Necronomicon

   Spells                             Type                      Level
   a - Haunt                          Necromancy/Summoning         7
   b - Borgnjor's Revivification      Necromancy                   8
   c - Death's Door                   Charms/Necromancy            8
   d - Necromutation                  Transmutation/Necromancy     8
Comestibles
 j - 10 meat rations
 x - 16 bread rations


   Skills:
 * Level 12.6 Fighting
 - Level 18.3 Axes
 * Level 8.9 Armour
 * Level 9.1 Dodging
 * Level 10.1 Shields
 - Level 6.0 Spellcasting
 * Level 7.1 Conjurations
 * Level 4.2 Necromancy
 * Level 4.0 Transmutations
 - Level 12.0 Invocations


You had 16 spell levels left.
You knew the following spells:

 Your Spells              Type           Power        Failure   Level  Hunger
a - Lightning Bolt        Conj/Air       ##........   96%         5    ######.
b - Necromutation         Trmt/Necr      ##........   100%        8    #######


Dungeon Overview and Level Annotations

Branches:
Dungeon (15/15)            Temple (1/1) D:4            Lair (8/8) D:8
  Swamp (0/4) Lair:4       Spider (4/4) Lair:3        Slime (0/6) Lair:6
    Orc (4/4) D:12            Elf (0/3) Orc:4        Vaults (0/5) D:14
 Depths (0/5) D:15

Altars:
Ashenzari
Cheibriados
Dithmenos
Elyvilon
Fedhas
Gozag
Kikubaaqudgha
Makhleb
Nemelex Xobeh
Okawaru
Qazlal
Ru
Sif Muna
Trog
Vehumet
Xom
Yredelemnul
Zin
The Shining One
Jiyva

Shops:
D:7 *   D:9 *   Orc:3 !}   Orc:4 *:*[

Portals:
Pandemonium: Orc:4

Annotations:
Spider:3 Arachne, Jorgrun


Innate Abilities, Weirdness & Mutations

You cannot wear boots.
Your serpentine skin is tough (AC +6).
You have supernaturally acute eyesight.
Armour fits poorly on your strangely shaped body.
Your system is resistant to poisons.
You cover ground very slowly.
You have a slow metabolism.
You can spit poison.
You can use your snake-like lower body to constrict enemies.
You have a pair of small horns on your head.
You are somewhat resistant to further mutation.


Message History

Arachne's staff shoots out a stream of webbing.
The stream of webbing hits you!
You are even more entangled.
The tarantella bites you!
* * * LOW HITPOINT WARNING * * *
The orb spider weaves a glowing orb of energy.
Jorgrun gestures at you while chanting. You resist with almost no effort.
Drink which item? (? for menu, Esc to quit)
You fade into invisibility!
The tarantella barely misses you.
Arachne hits you with a staff of poison!!
* * * LOW HITPOINT WARNING * * *
Jorgrun hits you but does no damage.
The tarantella bites you but does no damage.
The orb spider begins to weave its threads into a brightly glowing ball.
You are very lightly contaminated with residual magic.
Unknown command.
Drink which item? (? for menu, Esc to quit)
You feel much better. The orb of destruction hits you!
You die...

#≈#..................
......
#≈.................#.
.......
###....<.............
......#
#...................
.......
##.........†....#....
#......
#≈≈#≈#.........s..#..
.......
#≈≈≈#........s§......
...#...
###≈......s#gH§......
.......
#≈.#.".....§@s.^....
..#...
#..#...$....>.......
#.....
##.#...............#
.......
###≈...............
.....#.
.................
.......
.........#.......
.......
..#≈.#.........#
...$...
.##.###..#.##...
.(.#### ## ≈# ## #..


You could see Arachne, Jorgrun, a wolf spider, 2 orb spiders and a tarantella.

Vanquished Creatures
  Nikola (Spider:2)
  Rupert (D:12)
  Asterion (Spider:3)
  Gastronok (D:11)
  Agnes (D:15)
  Maud (Orc:2)
  2 emperor scorpions
  2 ghost moths
  Nessos (Lair:7)
  The ghost of Illiel the Unseen, a powerful SpEn of Ashenzari (Spider:2)
  Azrael (Spider:1)
  A dire elephant (D:15)
  A salamander stormcaller (D:14)
  2 minotaurs
  The ghost of Stubu the Jinx, a powerful HEFE of Vehumet (IceCv)
  Fannar (Lair:2)
  2 entropy weavers (Spider:2)
  An ice dragon (Orc:2)
  11 hydras
  5 centaur warriors
  The ghost of Garrluk the Bludgeoner, an experienced OgHu of Okawaru (D:12)
  The ghost of LordVetinari the Thaumaturge, a powerful DrWz of Vehumet (Orc:3)
  3 catoblepae (Lair:8)
  2 dancing weapons (D:14)
  24 death yaks (Lair:8)
  2 tengu warriors
  An ogre mage (D:15)
  A queen ant (Lair:2)
  5 orc high priests (Orc:4)
  Urug (Lair:3)
  Sonja (Orc:3)
  Nergalle (Orc:1)
  A soul eater (Orc:4)
  A fire crab (Lair:7)
  A gelid demonspawn (Orc:4)
  2 ice devils (IceCv)
  A torturous demonspawn (Orc:4)
  A wizard (D:15)
  A putrid demonspawn (Orc:4)
  6 orc knights
  An unseen horror (D:11)
  3 ice statues (IceCv)
  Pikel (D:8)
  9 wolf spiders
  5 hill giants
  A sixfirhy (Orc:4)
  A hornet (shapeshifter) (D:15)
  9 orb spiders
  3 cyclopes
  A salamander (D:15)
  2 griffons (Lair:7)
  7 orc sorcerers
  A necromancer (IceCv)
  2 moths of wrath
  20 elephants
  An octopode (shapeshifter) (D:15)
  15 ugly things
  An oklob plant (Lair:5)
  3 hornets
  8 black mambas
  A centaur zombie (D:13)
  7 manticores
  3 torpor snails
  A gargoyle (D:11)
  22 spiny frogs
  4 centaur skeletons
  8 demonic crawlers
  5 komodo dragons
  A hellwing (Orc:4)
  An efreet (D:15)
  A yaktaur (D:15)
  3 fire drakes
  A two-headed ogre (shapeshifter) (D:15)
  4 trolls
  3 polar bears
  6 blue devils
  2 two-headed ogres
  17 slime creatures
  9 jumping spiders
  A freezing wraith (D:15)
  2 harpy skeletons (D:15)
  21 blink frogs
  2 deep elf magi
  9 trapdoor spiders
  89 yaks
  28 orc warriors
  16 redbacks
  16 tarantellas
  A wyvern (D:9)
  A wraith (D:13)
  A fire bat (Volcano)
  3 basilisks
  A hungry ghost (D:10)
  4 fire elementals
  2 mottled dragons
  33 wolves
  14 hippogriffs
  A neqoxec (Orc:4)
  Menkaure (D:6)
  6 vampire mosquitoes
  20 soldier ants (Lair:2)
  2 wargs
  17 water moccasins
  18 porcupines
  11 ice beasts
  A swamp drake (Lair:8)
  4 hell hounds (Spider:1)
  2 wasps
  2 phantoms (D:11)
  2 necrophages
  7 sky beasts
  16 ogres
  10 spiders
  24 centaurs
  14 crocodiles
  2 big kobolds (D:10)
  20 giant frogs
  6 scorpions
  25 killer bees
  17 wights
  2 quasits (D:10)
  8 electric eels
  A draconian simulacrum (IceCv)
  3 lava snakes (Volcano)
  9 crimson imps
  4 jellies
  39 orc priests
  14 hounds
  3 giant frog zombies
  A giant frog skeleton (D:6)
  2 spriggan simulacra (IceCv)
  A troll simulacrum (IceCv)
  4 iguanas
  35 orc wizards
  A killer bee zombie (D:6)
  31 worker ants
  A centaur simulacrum (IceCv)
  21 sheep
  2 worker ant zombies (D:9)
  7 gnolls
  4 naga simulacra (IceCv)
  14 adders
  An ogre simulacrum (IceCv)
  53 river rats
  4 shadow imps
  An ooze (D:4)
  An adder zombie (D:5)
  2 adder skeletons
  3 worms
  202 orcs
  5 goblins
  2 hobgoblins (D:2)
  14 jackals
  17 kobolds
  9 quokkas
  A ball python (D:8)
  11 bats
  6 giant cockroaches
  A giant cockroach zombie (D:5)
  5 giant geckos
  A giant gecko skeleton (D:5)
  3 giant newts
  2 quokka skeletons (D:5)
  5 rats
  2 bushes (Lair:5)
  A fungus (Lair:7)
  2 plants (Lair:5)
1321 creatures vanquished.

Vanquished Creatures (others)
  Maurice (D:11)
  2 redbacks
  A tarantella (Spider:3)
  3 slaves (D:8)
  3 spiders (Spider:1)
  An ogre (D:8)
  A crimson imp (D:8)
  An orc wizard (D:8)
  An orc priest (D:8)
  A hound zombie (D:8)
  6 orcs (D:8)
  A bush (Lair:3)
  9 fungi
  11 plants
42 creatures vanquished.

Grand Total: 1363 creatures vanquished

Notes
Turn   | Place    | Note
--------------------------------------------------------------
     0 | D:1      | Herrn the Naga Fighter began the quest for the Orb.
     0 | D:1      | Reached XP level 1. HP: 21/21 MP: 1/1
   146 | D:1      | Reached XP level 2. HP: 25/28 MP: 2/2
   474 | D:2      | Reached XP level 3. HP: 34/34 MP: 3/3
  1330 | D:3      | Reached XP level 4. HP: 27/43 MP: 4/4
  1937 | D:3      | Reached skill level 1 in Dodging
  2097 | D:4      | Reached XP level 5. HP: 37/50 MP: 5/5
  2227 | D:4      | Reached skill level 4 in Fighting
  2575 | D:4      | Noticed a yak
  2576 | D:4      | Noticed a yak
  2593 | D:4      | Killed a yak
  2593 | D:4      | Reached XP level 6. HP: 17/57 MP: 6/6
  2844 | D:4      | Noticed an ogre
  2853 | D:4      | Killed an ogre
  2853 | D:4      | Reached XP level 7. HP: 44/66 MP: 7/7
  3142 | D:4      | Found a staircase to the Ecumenical Temple.
  3158 | Temple   | Entered the Ecumenical Temple
  3168 | Temple   | Became a worshipper of Warmaster Okawaru
  3242 | D:4      | Noticed a yak
  3246 | D:4      | Killed a yak
  3247 | D:4      | Noticed a yak
  3247 | D:4      | Noticed a yak
  3247 | D:4      | Noticed a yak
  3256 | D:4      | Killed a yak
  3256 | D:4      | Acquired Okawaru's first power
  3260 | D:4      | Killed a yak
  3260 | D:4      | Reached XP level 8. HP: 50/73 MP: 8/8
  3264 | D:4      | Killed a yak
  3264 | D:4      | Reached skill level 5 in Fighting
  3270 | D:4      | Killed a yak
  3270 | D:4      | Reached skill level 5 in Armour
  3796 | D:4      | Found a sacrificial altar of Ru.
  4268 | D:5      | Entered Level 5 of the Dungeon
  4912 | D:5      | Reached XP level 9. HP: 81/81 MP: 9/9
  5417 | D:6      | Reached skill level 5 in Axes
  5460 | D:6      | Found a glowing drain.
  5464 | Sewer    | Entered a sewer
  5520 | Sewer    | Reached skill level 5 in Shields
  5658 | D:6      | Reached skill level 1 in Invocations
  5977 | D:6      | Noticed Menkaure
  5985 | D:6      | Killed Menkaure
  6530 | D:7      | Found a deep blue altar of Sif Muna.
  6543 | D:7      | Found a radiant altar of Vehumet.
  6546 | D:7      | Found a stormy altar of Qazlal.
  6549 | D:7      | Found a shimmering altar of Xom.
  6641 | D:7      | Found a stormy altar of Qazlal.
  6725 | D:7      | Reached skill level 6 in Axes
  7216 | D:7      | Found Pedil's General Store.
  7380 | D:6      | Got a silken robe
  7758 | D:8      | Noticed Pikel
  7780 | D:8      | Killed Pikel
  7780 | D:8      | Reached skill level 7 in Axes
  7780 | D:8      | Reached XP level 10. HP: 73/91 MP: 12/12
  7837 | D:8      | Noticed Maurice
  7865 | D:8      | HP: 4/91 [Maurice/wand of lightning (28)]
  8114 | D:8      | Noticed a fire drake
  8122 | D:8      | Found a staircase to the Lair.
  8129 | D:8      | Killed a fire drake
  9530 | D:9      | Found Guinisoc's Demolitions Depot.
  9571 | D:9      | Found a shattered altar of Ashenzari.
 10150 | D:9      | Noticed a manticore
 10170 | D:9      | Killed a manticore
 10291 | D:9      | Reached skill level 8 in Axes
 10677 | D:10     | Entered Level 10 of the Dungeon
 10691 | D:10     | Reached skill level 5 in Dodging
 10696 | D:10     | Acquired Okawaru's second power
 10696 | D:10     | Reached skill level 5 in Invocations
 10783 | D:10     | Reached XP level 11. HP: 96/99 MP: 14/14
 11832 | D:11     | Noticed a seven-headed hydra
 11848 | D:11     | Killed a seven-headed hydra
 11848 | D:11     | Reached skill level 9 in Axes
 12176 | D:11     | Noticed Gastronok
 12250 | D:11     | Gained mutation: You are somewhat resistant to further mutation. [potion of beneficial mutation]
 12273 | D:11     | Killed Gastronok
 12273 | D:11     | Received a gift from Okawaru
 12286 | D:11     | Killed Maurice
 12633 | D:11     | Identified the cursed +1 robe of Jehikhli {MR+ Int+2} (You found it on level 6 of the Dungeon)
 12762 | D:11     | Reached skill level 10 in Axes
 12901 | D:11     | Noticed an unseen horror
 12924 | D:11     | Killed an unseen horror
 12992 | D:11     | Gained mutation: You have a pair of small horns on your head. [potion of beneficial mutation]
 13078 | D:11     | Reached XP level 12. HP: 91/110 MP: 16/16
 13125 | D:11     | Noticed a hill giant
 13139 | D:11     | Killed a hill giant
 13885 | D:12     | Noticed Rupert
 13921 | D:12     | Killed Rupert
 13921 | D:12     | Received a gift from Okawaru
 13921 | D:12     | Reached skill level 11 in Axes
 14281 | D:12     | Noticed Garrluk's ghost (experienced OgHu)
 14307 | D:12     | Killed Garrluk's ghost
 14362 | D:12     | Noticed a five-headed hydra
 14370 | D:12     | Killed a five-headed hydra
 14622 | D:12     | HP: 5/112 [slime creature (13)]
 14623 | D:12     | HP: 1/112 [slime creature (4)]
 14976 | D:12     | Noticed a tengu warrior
 14995 | D:12     | Killed a tengu warrior
 15001 | D:12     | Found a staircase to the Orcish Mines.
 15038 | D:12     | Received a gift from Okawaru
 15075 | Orc:1    | Entered Level 1 of the Orcish Mines
 15279 | Orc:2    | Found a frozen archway.
 15280 | Orc:2    | Noticed an ice dragon
 15319 | Orc:2    | Killed an ice dragon
 15319 | Orc:2    | Gained mutation: You can use your snake-like lower body to constrict enemies. [Naga growth]
 15319 | Orc:2    | Reached XP level 13. HP: 76/120 MP: 19/19
 15390 | IceCv    | Entered an ice cave
 15398 | IceCv    | Noticed Stubu's ghost (powerful HEFE)
 15409 | IceCv    | Reached skill level 12 in Axes
 15435 | IceCv    | Killed Stubu's ghost
 15994 | Orc:2    | Noticed Maud
 16008 | Orc:2    | Killed Maud
 16021 | Orc:1    | Noticed Nergalle
 16027 | Orc:1    | Received a gift from Okawaru
 16029 | Orc:1    | Killed Nergalle
 16380 | Orc:2    | Reached skill level 13 in Axes
 16662 | Orc:3    | Noticed LordVetinari's ghost (powerful DrWz)
 16693 | Orc:3    | Killed LordVetinari's ghost
 17034 | Orc:3    | Found Tefoih's Quality Used Wands.
 17075 | Orc:3    | Found Aril's Distillery.
 17263 | Orc:3    | Bought a potion of heal wounds for 70 gold pieces
 17312 | Orc:3    | Noticed Sonja
 17322 | Orc:3    | Killed Sonja
 17754 | Orc:4    | Entered Level 4 of the Orcish Mines
 18008 | Orc:4    | Received a gift from Okawaru
 18842 | Orc:4    | Found Xawkum's General Store.
 18846 | Orc:4    | Found Gonwown's General Store.
 19285 | Orc:4    | Reached XP level 14. HP: 88/129 MP: 21/21
 19427 | Orc:4    | Received a gift from Okawaru
 19451 | Orc:4    | Reached skill level 14 in Axes
 19979 | Orc:4    | Reached skill level 10 in Invocations
 19990 | Orc:4    | Found Emunow's Book Shop.
 19990 | Orc:4    | Found Zousiceo's Antique Armour Boutique.
 19990 | Orc:4    | Found a one-way gate leading to the halls of Pandemonium.
 20009 | Orc:4    | Bought a pair of embroidered gloves for 121 gold pieces
 20055 | Orc:4    | Found a staircase to the Elven Halls.
 20209 | Orc:4    | Got a steaming war axe {god gift}
 20210 | Orc:4    | Identified the +9 war axe of the Genius {venom, rN+ Dex+4} (Okawaru gifted it to you on level 4 of the Orcish Mines)
 20360 | Lair:1   | Entered Level 1 of the Lair of Beasts
 20391 | Lair:1   | Received a gift from Okawaru
 20398 | Lair:1   | Got a faintly glowing broad axe {god gift}
 20399 | Lair:1   | Identified the +9 broad axe "Cir Xiu" {speed, rC+++ Int+3 Dex+4} (Okawaru gifted it to you on level 1 of the Lair of Beasts)
 20446 | Lair:1   | Reached skill level 10 in Fighting
 21075 | Lair:2   | Reached skill level 15 in Axes
 21126 | Lair:2   | Noticed Fannar
 21142 | Lair:2   | Killed Fannar
 21526 | Lair:2   | Received a gift from Okawaru
 21800 | Lair:3   | Found a hole to the Spider Nest.
 22119 | Lair:3   | Noticed Urug
 22127 | Lair:3   | Killed Urug
 22288 | Lair:3   | Reached XP level 15. HP: 120/140 MP: 22/22
 22469 | Lair:3   | Upgraded the game from 0.17-a0-1830-g81820eb to 0.17-a0-1837-g7c6a762
 22500 | Lair:3   | Identified a scroll of acquirement
 22684 | Lair:4   | Found a dark tunnel.
 22732 | Volcano  | Entered a volcano
 22804 | Volcano  | Found a burning altar of Makhleb.
 23010 | Lair:4   | Learned a level 5 spell: Lightning Bolt
 23089 | Lair:4   | Reached skill level 1 in Conjurations
 23168 | Lair:4   | Found a staircase to the Swamp.
 23428 | Lair:5   | Reached skill level 16 in Axes
 23479 | Lair:5   | Found a labyrinth entrance.
 23488 | Lab      | Entered a labyrinth
 23730 | Lab      | Got an ancient scale mail
 23741 | Lab      | Identified the +4 scale mail of Unambiguity {SInv} (You took it off a minotaur in a labyrinth)
 23847 | Lair:5   | Reached skill level 1 in Spellcasting
 24553 | Lair:5   | Got a steaming leather armour
 24565 | Lair:5   | Identified the +1 leather armour of Ashenzari's Whim {rElec rC- MR+} (You found it on level 5 of the Lair of Beasts)
 24838 | Lair:5   | Received a gift from Okawaru
 25677 | Lair:5   | Reached XP level 16. HP: 150/150 MP: 24/24
 26496 | Lair:6   | Received a gift from Okawaru
 26698 | Lair:6   | Found a staircase to the Slime Pits.
 26699 | Lair:6   | Found a viscous altar of Jiyva.
 27077 | Lair:7   | Received a gift from Okawaru
 27313 | Lair:7   | Noticed Nessos
 27324 | Lair:7   | Killed Nessos
 27346 | Lair:8   | Entered Level 8 of the Lair of Beasts
 27480 | Lair:7   | Reached XP level 17. HP: 111/157 MP: 26/26
 27737 | Lair:7   | Reached skill level 17 in Axes
 28951 | Lair:8   | Received a gift from Okawaru
 29005 | Lair:8   | Reached skill level 5 in Spellcasting
 30773 | D:13     | Reached skill level 18 in Axes
 30800 | D:13     | Reached skill level 5 in Conjurations
 32082 | D:14     | Reached XP level 18. HP: 129/168 MP: 27/27
 32143 | D:14     | Found a gate to the Vaults.
 32457 | D:14     | Learned a level 8 spell: Necromutation
 32857 | D:15     | Entered Level 15 of the Dungeon
 32916 | D:15     | Reached skill level 1 in Necromancy
 32994 | D:15     | Received a gift from Okawaru
 32997 | D:15     | Reached skill level 1 in Transmutations
 33009 | D:15     | Got an encrusted demon blade {god gift}
 33010 | D:15     | Identified the +10 demon blade "Nyuhogoko" {freeze, rF+ MR+ Str+7 SInv} (Okawaru gifted it to you on level 15 of the Dungeon)
 33657 | D:15     | Noticed Agnes
 33679 | D:15     | Killed Agnes
 33954 | D:15     | Found a staircase to the Depths.
 34950 | Spider:1 | Entered Level 1 of the Spider Nest
 34958 | Spider:1 | Noticed Azrael
 34966 | Spider:1 | Received a gift from Okawaru
 35198 | Spider:1 | Killed Azrael
 36212 | Spider:2 | Noticed Illiel's ghost (powerful SpEn)
 36242 | Spider:2 | Killed Illiel's ghost
 36421 | Spider:3 | Noticed Asterion
 37293 | Spider:3 | Killed Asterion
 38163 | Spider:2 | Noticed Nikola
 38179 | Spider:2 | Killed Nikola
 38179 | Spider:2 | Received a gift from Okawaru
 38179 | Spider:2 | Reached skill level 10 in Shields
 38182 | Spider:2 | Got a steaming war axe {god gift}
 38184 | Spider:2 | Identified the +3 war axe of Vanity {venom, rN+ Str+4} (Okawaru gifted it to you on level 2 of the Spider Nest)
 39178 | Spider:4 | Entered Level 4 of the Spider Nest
 39304 | Spider:3 | Noticed Jorgrun
 39436 | Spider:3 | Noticed Arachne
 39443 | Spider:3 | HP: 8/170 [Arachne/staff of poison (26)]
 39444 | Spider:3 | Blown up by an orb spider

Vault maps used:
D:1:      mainiacjoe_arrival_reflecting_pool
D:3:      st_stairs_13
D:4:      nicolae_ru_the_path_less_chosen, temple_green
D:5:      first_bread, serial_bayou_crossing
D:6:      gup_sewer_entry_bowl, uniq_menkaure
D:7:      grunt_temple_overflow_cloverleaf, serial_shops, kennysheep_little_box,
          nicolae_qazlal_general_emergency
D:8:      minmay_lair_entry_lava, uniq_maurice, uniq_pikel
D:9:      lemuel_coloured_pillars_altar, nicolae_blasting_shop
D:11:     uniq_gastronok
D:12:     orc_0_dummy, uniq_rupert
D:14:     erik_vaults_1, minmay_tree_intersection
D:15:     hangedman_depths_entry_try_elsewhere_first, roderic_lattice_a,
          uniq_agnes
Temple:   nicolae_temple_god_jail
Lair:1:   minivault_25
Lair:2:   minmay_stone_trees_small, minivault_29, uniq_fannar
Lair:3:   dummy_spider_entry, uniq_urug
Lair:4:   minmay_swamp_entry_eels, nicolae_volcano_entry_two_sided
Lair:5:   lab_entry_generic, minmay_lair_oklob_bushes,
          infiniplex_staircase_pool, serial_bayou_shore_a
Lair:6:   slime_altar_1
Lair:7:   infiniplex_staircase_pool_2, uniq_nessos
Lair:8:   evilmike_catoblepas_cave, hibernation_bobbens
Spider:1: uniq_azrael
Spider:2: uniq_nikola
Spider:3: hive_lemuel, uniq_arachne, uniq_asterion, uniq_mara, uniq_jorgrun
Spider:4: spider_rune_water
Orc:1:    uniq_nergalle
Orc:2:    portal_ice_cave_entry_animals_and_master, uniq_maud
Orc:3:    serial_shops, shop, nicolae_orc_pool_cavern,
          nicolae_for_you_no_charge, uniq_sonja
Orc:4:    pf_orc_diabolical
Lab:      labyrinth_spiral, nicolae_lab_starburst, nicolae_lab_diamond,
          nicolae_lab_grate, labyrinth_skeletal_remains, nicolae_lab_arrow
Sewer:    sewer_big_baddie
IceCv:    ice_cave_tombish
Volcano:  volcano_grotto

Action                   |  1- 3 |  4- 6 |  7- 9 | 10-12 | 13-15 | 16-18 || total
-------------------------+-------+-------+-------+-------+-------+-------++-------
Melee: War axe           |    43 |    65 |   430 |   881 |       |   340 ||  1759
       Whip              |       |       |       |    12 |       |       ||    12
       Broad axe         |       |       |       |    52 |  1093 |  1030 ||  2175
       Flail             |       |       |       |    43 |       |       ||    43
       Unarmed           |       |       |       |     8 |       |       ||     8
       Hand axe          |       |       |       |       |    30 |    46 ||    76
Invok: Heroism           |       |       |       |    17 |     6 |     9 ||    32
       Finesse           |       |       |       |     3 |       |       ||     3
 Abil: Spit Poison       |    24 |    34 |    73 |    82 |       |       ||   213
Evoke: Wand              |       |       |     1 |     7 |     2 |     7 ||    17
       Deck              |       |       |       |       |       |    11 ||    11
  Use: Potion            |       |     1 |     2 |    10 |     4 |     8 ||    25
       Scroll            |       |       |     4 |    14 |    14 |    15 ||    47
 Stab: Distracted        |       |       |       |       |       |     3 ||     3
       Sleeping          |       |       |       |       |       |     9 ||     9
       Invisible         |       |       |       |       |       |     3 ||     3
  Eat: Chunk             |     1 |     6 |    13 |    28 |    20 |    22 ||    90
       Bread ration      |       |       |     1 |       |       |       ||     1
       Fruit             |       |       |     1 |     2 |     5 |     3 ||    11
       Royal jelly       |       |       |       |       |     2 |       ||     2
       Beef jerky        |       |       |       |       |       |     7 ||     7
       Pizza             |       |       |       |       |       |     1 ||     1
